 Dungeon Crawl Stone Soup version 0.32-a0-711-g016ad743e0 (webtiles) character file.

Game seed: 18169704749199027711

1613 tsouns the Cleaver (level 8, -3/69 HPs)
             Began as a Coglin Berserker on Mar 15, 2024.
             Was a Priest of Trog.
             Slain by an orc
             ... wielding a +2 heavy flail
              (8 damage)
             ... on level 6 of the Dungeon.
             The game lasted 00:10:27 (4820 turns).

tsouns the Cleaver (Coglin Berserker)               Turns: 4820, Time: 00:10:28

Health: -3/69      AC:  7    Str: 19    XL:     8   Next: 95%
Magic:  8/8        EV: 10    Int:  6    God:    Trog [***...]
Gold:   49         SH:  0    Dex: 15    Spells: 7/7 levels left

rFire   . . .        a - +0 hand axe {Enheduana}
rCold   . . .        n - +0 hand axe {Agam}
rNeg    . . .        s - +2 ring mail {rPois}
rPois   +            w - +0 mask of the Dragon {Will+ Slay+3 SInv}
rElec   .            (no cloak)
rCorr   .            (no gloves)
SInv    +            (no boots)
Will    +....        (amulet unavailable)
Stlth   +            (ring unavailable)
HPRegen 0.31/turn    (ring unavailable)
MPRegen 0.11/turn    (no gizmo)

%: no passive effects
@: on berserk cooldown, slowed, revved, very slow
A: off-hand wielding, slow wielding, warmup strikes, no jewellery
a: Invent Gizmo, Renounce Religion, Berserk, Trog's Hand


You were on level 6 of the Dungeon.
You worshipped Trog.
Trog was most pleased with you.
You visited 1 branch of the dungeon, and saw 6 of its levels.

You collected 680 gold pieces.
You spent 631 gold pieces at shops.

Inventory:

Hand Weapons
 a - a +0 hand axe (weapon) {Enheduana}
 c - a +0 dagger {Beorhtric}
 n - a +0 hand axe (offhand) {Agam}
Armour
 s - a +2 ring mail of poison resistance (worn)
 w - the +0 mask of the Dragon (worn) {Will+ Slay+3 SInv}
   (You bought it in a shop on level 1 of the Dungeon)

   Slay+3:    It affects your accuracy & damage with ranged weapons and melee
   (+3).
   Will+:     It increases your willpower.
   SInv:      It lets you see invisible.
 y - a scarf of harm
Talismans
 x - a blade talisman
Wands
 q - a wand of polymorph (5)
Scrolls
 e - a scroll of identify
 f - a scroll of vulnerability
 l - a scroll of immolation {unknown}
 r - a scroll of poison {unknown}
 t - a scroll of teleportation
 u - a scroll of enchant armour {unknown}
Potions
 b - a potion of enlightenment
 d - a potion of might
 g - 2 potions of heal wounds
 h - a potion of attraction {unknown}
 i - a potion of brilliance {unknown}
 j - a potion of resistance {unknown}
 k - a potion of ambrosia {unknown}
 m - 5 potions of curing
 o - 2 potions of lignification {unknown}
 p - a potion of magic {unknown}


   Skills:
 + Level 8.3 Fighting
 + Level 8.3 Axes
 - Level 1.7 Armour
 - Level 1.7 Dodging


You had 7 spell levels left.
You didn't know any spells.
Your spell library was empty.

Dungeon Overview and Level Annotations

Branches:
Dungeon (6/15)
 Temple: D:4-7

Altars:
Ashenzari
Fedhas
Makhleb
Uskayaw
The Shining One

Shops:
D:1 [   D:4 **!

Annotations:
D:1 1 transporter


Innate Abilities, Weirdness & Mutations

You can wield a second weapon in your off-hand.
It takes a long time for you to wield or remove held weapons.
Your first few attacks do less damage.
You cannot equip rings or amulets.


Message History

Things that are here:
a +0 dagger; a +0 robe An orc priest comes into view.
It is wielding a +0 mace.
You feel a strong urge to attack something.
The orc priest shouts!
Items here: ) / [ †.
You barely miss the orc priest with your +0 hand axe.
You slash the orc priest with your +0 hand axe!
The orc priest closely misses you.
You closely miss the orc priest with your +0 hand axe.
The orc priest is almost dead.
You slash the orc priest with your +0 hand axe!
You kill the orc priest!
Trog accepts your kill.
You are no longer berserk.
You are exhausted.
You feel yourself slow down.
The orc priest hits you but does no damage.
Items here: ) / [ †.
You hit the orc priest with your +0 hand axe.
The orc priest is moderately wounded.
You closely miss the orc priest with your +0 hand axe.
The orc priest calls down the wrath of Beogh upon you.
You resist with some effort.
An orc comes into view. It is wielding a +2 heavy flail.
You hit the orc priest with your +0 hand axe.
The orc priest is heavily wounded.
You hit the orc priest with your +0 hand axe.
The orc priest invokes the aid of Beogh against you.
Beogh smites you!
* * * LOW HITPOINT WARNING * * *
The orc priest hits you but does no damage.
You barely miss the orc priest with your +0 hand axe.
The orc priest is severely wounded.
You closely miss the orc with your +0 hand axe.
You hit the orc priest with your +0 hand axe.
You hit the orc with your +0 hand axe.
The orc priest hits you but does no damage.
The orc hits you with a +2 heavy flail!
You die...

### #####.#####
#.... #<...... .
...#.# #..##### ..
#.. ..###### #>.#
...##.. ......#
#..# .....
#.###.####..# .o.
#)..........#
#.###o###.####.##
#..o@........#.#
###.##.#####.#.#
#.##.# #.#.# #.##.#
#...###### #..=.#
#.........
####.#####.########
#.......# #########


You could see an orc priest and an orc.

Vanquished Creatures
  Maggie (D:6)
  Grinder (D:5)
  A water moccasin (D:5)
  An ice beast (D:5)
  A crocodile (D:3)
  A black bear (D:5)
  3 scorpions
  A howler monkey (D:5)
  A bombardier beetle (D:5)
  2 hounds
  A jelly (D:5)
  Crazy Yiuf (D:6)
  A gnoll bouda (D:5)
  An orc priest (D:6)
  A sleepcap (D:5)
  3 iguanas
  2 orc wizards
  3 gnolls (D:5)
  7 adders
  2 ufetubi (D:6)
  A dart slug (D:1)
  A ribbon worm (D:4)
  13 orcs
  7 endoplasms
  5 giant cockroaches
  7 goblins
  12 hobgoblins
  6 quokkas
  9 ball pythons
  4 bats
  A frilled lizard (D:1)
  8 kobolds
  5 rats
114 creatures vanquished.

Notes
Turn   | Place    | Note
-------+----------+-------------------------------------------
     0 | D:1      | tsouns the Coglin Berserker began the quest for the Orb.
     0 | D:1      | Reached XP level 1. HP: 18/18 MP: 1/1
    57 | D:1      | Reached XP level 2. HP: 20/24 MP: 2/2
   301 | D:1      | Reached XP level 3. HP: 29/29 MP: 3/3
   396 | D:1      | Found Atulass's Antique Armour Shop.
  1168 | D:2      | You fall into a shaft and drop 2 floors!
  1266 | D:4      | Found Adai's Assorted Antiques.
  1307 | D:4      | Reached ** piety under Trog
  1461 | D:4      | Found a blossoming altar of Fedhas.
  1470 | D:4      | Reached XP level 4. HP: 36/37 MP: 4/4
  1649 | D:4      | Found Wiutix's General Store.
  1693 | D:4      | Found Wiowk's Distillery.
  1732 | D:4      | Bought a potion of curing for 30 gold pieces
  1781 | D:4      | Found a glowing golden altar of the Shining One.
  1920 | D:4      | Noticed a scorpion
  1924 | D:4      | Killed a scorpion
  1925 | D:4      | Reached XP level 5. HP: 43/43 MP: 5/5
  2279 | D:3      | Reached skill level 5 in Fighting
  2315 | D:3      | Reached skill level 5 in Axes
  2377 | D:3      | Noticed Sigmund
  2379 | D:3      | Sigmund changed into Sigmund the crocodile
  2379 | D:3      | Noticed Sigmund
  2386 | D:3      | Killed Sigmund the crocodile
  2387 | D:3      | Reached XP level 6. HP: 51/51 MP: 6/6
  2452 | D:3      | Found a broken altar of Ashenzari.
  2532 | D:3      | Noticed a +0 dagger
  2584 | D:3      | Reached *** piety under Trog
  2696 | D:3      | Found a hide-covered altar of Uskayaw.
  2699 | D:3      | Noticed a +0 dagger
  2805 | D:5      | Entered Level 5 of the Dungeon
  2805 | D:5      | Noticed a water moccasin
  2812 | D:5      | Killed a water moccasin
  2967 | D:5      | Noticed a black bear
  2974 | D:5      | Killed a black bear
  2975 | D:5      | Reached XP level 7. HP: 54/57 MP: 7/7
  3103 | D:5      | Found a burning altar of Makhleb.
  3464 | D:5      | Reached XP level 8. HP: 52/65 MP: 8/8
  3477 | D:5      | Noticed Grinder
  3494 | D:5      | Killed Grinder
  3643 | D:5      | Identified the +1 robe of the Past {Regen+ Dex+2}
  4216 | D:2      | Found a faded altar of an unknown god.
  4433 | D:1      | Bought the +0 mask of the Dragon {Will+ Slay+3 SInv} for
                  | 601 gold pieces
  4433 | D:1      | Found the +0 mask of the Dragon {Will+ Slay+3 SInv}
  4602 | D:6      | Found a runed translucent door.
  4603 | D:6      | Noticed Crazy Yiuf
  4614 | D:6      | Killed Crazy Yiuf
  4791 | D:6      | Noticed Maggie
  4809 | D:6      | Killed Maggie
  4820 | D:6      | Slain by an orc

Illustrated notes

Levels and vault maps discovered:
D:1:      spicycebolla_arrival_risky_transporter, layout_loops_ring,
          serial_shops, nicolae_shop_rolling_square,
          chequers_serial_rivers_micro_d, minmay_tromino_v4_b
D:2:      layout_basic, serial_aquarium, aquarium_bridge_straight
          [aquarium_subvault_bridge, aquarium_subvault_window,
          aquarium_subvault_bridge, aquarium_subvault_balcony],
          aquarium_bridge_square [aquarium_subvault_wall,
          aquarium_subvault_bridge, aquarium_subvault_bridge,
          aquarium_subvault_wall], aquarium_window_fake, aquarium_window_corner,
          aquarium_window_corner, aquarium_window_1, aquarium_view_2e,
          aquarium_pool_double, dreamdust_ecumenical_altar_hidden_monk_grotto
D:3:      layout_rooms, dancing_weapons_uskayaw, ashenzari_altar_1, uniq_sigmund
D:4:      minmay_polygon_palace, layout_basic, fedhas_altar_2,
          lemuel_doored_altar, serial_shops, kennysheep_mini_moat,
          nicolae_shop_tiny_glass, shop
D:5:      layout_basic, kennysheep_mini, grunt_ministairs_14, uniq_grinder
D:6:      due_chaos_kobolds, layout_loops_ring, okawaru_gym_becter, uniq_maggie,
          uniq_crazy_yiuf_cottage

Skill      XL: |  1  2  3  4  5  6  7  8 |
---------------+-------------------------+-----
Fighting       | 4 5 6 8 |  8.3
Axes           | 4 5 6 8 |  8.3
Armour         | |  1.7
Dodging        | |  1.7

Action                     |  1- 3 |  4- 6 |  7- 9 || total
---------------------------+-------+-------+-------++-------
  Melee: Hand axe          |    87 |   196 |   254 ||   537
         Dagger            |    57 |       |       ||    57
 Invoke: Berserk           |       |     3 |     3 ||     6
  Evoke: Wand              |       |     2 |       ||     2
    Use: Scroll            |       |     4 |     3 ||     7
   Stab: Sleeping          |     1 |       |       ||     1
 Armour: Animal skin       |    40 |    40 |       ||    80
         Robe              |       |    18 |       ||    18
         Ring mail         |       |     8 |    80 ||    88
  Dodge: Dodged            |    56 |    63 |    61 ||   180

Table legend: (Time is in decaauts)
 A = Elapsed time spent in this place.
 B = Non-inter-level travel time spent in this place.
 C = Inter-level travel time spent in this place.
 D = Time resting spent in this place.
 E = Time spent auto-exploring this place.
 F = Levels seen in this place.
 G = Mean time per level.
                   A        B        C        D        E       F      G
               +--------+--------+--------+--------+--------+-----+--------+
         Total |   4889 |   4604 |    285 |      0 |   3677 |   6 |  814.8 |
       Dungeon |   4889 |   4604 |    285 |      0 |   3677 |   6 |  814.8 |
               +--------+--------+--------+--------+--------+-----+--------+

Top non-repeatable levels by time:
     D:5: 1291 daAuts
     D:4: 1157 daAuts
     D:2: 806 daAuts
     D:1: 758 daAuts
     D:3: 580 daAuts
     D:6: 294 daAuts
